 Dungeon Crawl Stone Soup version 0.29.0-4-gdea44cf6ec (webtiles) character file.

Game seed: 13634166053590821830

20785 qw the Cleaver (level 12, -8/71 HPs)
             Began as a Tengu Warper on Aug 28, 2022.
             Was a High Priest of Okawaru.
             Mangled by a yak (11 damage)
             ... on level 3 of the Lair of Beasts.
             The game lasted 00:01:21 (15546 turns).

qw the Cleaver (Tengu Warper)                      Turns: 15546, Time: 00:01:22

Health: -8/71      AC: 14    Str: 14 (15) XL:     12   Next: 83%
Magic:  20/20      EV:  8    Int: 14      God:    Okawaru [*****.]
Gold:   613        SH: 12    Dex: 20 (21) Spells: 15/15 levels left

rFire   + . .      SeeInvis .   Y - +4 broad axe (freeze)
rCold   . . .      Faith    .   t - +0 kite shield
rNeg    . . .      Spirit   .   r - +1 chain mail {rPois}
rPois   +          Reflect  .   (helmet restricted)
rElec   .          Harm     .   (no cloak)
rCorr   .          Rampage  .   n - +2 pair of gloves
Will    .....                   (boots unavailable)
Stlth   ..........              o - amulet of the acrobat
HPRegen 0.21/turn               c - +6 ring of dexterity
MPRegen 0.17/turn               (no ring)

@: flying quickly and evasively, quick
A: beak, talons 3, nimble flight, deterioration 1, fire resistance 1
a: Renounce Religion, Heroism, Finesse, Duel


You were on level 3 of the Lair of Beasts.
You worshipped Okawaru.
Okawaru was extremely pleased with you.
You visited 3 branches of the dungeon, and saw 15 of its levels.

You collected 933 gold pieces.
You spent 320 gold pieces at shops.


Innate Abilities, Weirdness & Mutations

You have a beak for a mouth.
You have claws for feet.
Your magical nature lets you fly swiftly and evasively.
Your body sometimes deteriorates upon taking damage.
Your flesh is heat resistant. (rF+)


   Skills:
 + Level 6.7 Fighting
 - Level 14.1 Axes
 - Level 4.1 Throwing
 - Level 5.1 Armour
 - Level 5.0 Dodging
 - Level 8.0 Shields
 - Level 2.0 Spellcasting
 - Level 2.4 Translocations
 - Level 10.0 Invocations


You had 15 spell levels left.
You didn't know any spells.
Your spell library contained the following spells:

 Spells                   Type           Power      Damage    Failure   Level
 Blink                    Tloc           16%        N/A       100%        2
 Gell's Gravitas          Tloc           8%         N/A       100%        3
 Lesser Beckoning         Tloc           8%         N/A       100%        3
 Teleport Other           Tloc           8%         N/A       100%        3
 Manifold Assault         Tloc           8%         N/A       100%        5

Inventory:

Hand Weapons
 f - a +0 demon whip of venom
 Y - a +4 broad axe of freezing (weapon)
Missiles
 j - 2 javelins
 s - 9 boomerangs (quivered)
Armour
 n - a +2 pair of gloves (worn)
 r - a +1 chain mail of poison resistance (worn)
 t - a +0 kite shield (worn)
 u - a +0 plate armour
Jewellery
 b - a ring of fire
 c - a +6 ring of dexterity (left hand)
 o - an amulet of the acrobat (around neck)
Scrolls
 d - a scroll of teleportation
 k - 7 scrolls of identify
Potions
 a - 3 potions of haste
 g - a potion of magic
 i - 6 potions of curing
 l - 2 potions of might
 m - a potion of resistance
 p - 4 potions of mutation

Dungeon Overview and Level Annotations

Branches:
Dungeon (10/15)            Temple (1/1) D:6            Lair (4/5) D:10
 Spider (0/4) Lair:2
  Swamp: Lair:2-3    Shoals: Lair:2-3     Slime: Lair:4-5       Orc: D:9-12

Altars:
Ashenzari
Cheibriados
Dithmenos
Elyvilon
Fedhas
Gozag
Hepliaklqana
Kikubaaqudgha
Makhleb
Nemelex Xobeh
Okawaru
Qazlal
Ru
Sif Muna
Trog
Uskayaw
Vehumet
Wu Jian
Xom
Yredelemnul
Zin
The Shining One

Shops:
D:6 ?   D:10 **

Annotations:
Lair:3 Nessos


Message History

You block the water moccasin's attack. The yak closely misses you.
The yak barely misses you.
You slice the yak!! You freeze the yak.
You kill the yak!
Okawaru accepts your kill.
You barely miss the yak. You slash the water moccasin!
You freeze the water moccasin.
You kill the water moccasin!
Okawaru accepts your kill.
You barely miss the yak. Your kick misses the yak. Your peck misses the yak.
The yak is severely wounded.
The yak gores you but does no damage.
You hit the yak. You freeze the yak.
The yak is severely wounded.
You block the yak's attack.
You hit the yak. You freeze the yak.
You kill the yak!
Okawaru accepts your kill.
You start resting.
Magic restored.
You start resting.
You feel like a meek peon again.
HP restored.
Done exploring.
(D) Dungeon (T) Temple (L) Lair (N) Spider Nest
Where to? (* - list waypoints, Enter - Lair:3, ? - help)
What level of the Lair of Beasts? (default 1, ? - help)
You fly downwards.
Level annotation: Nessos You block the yak's attack.
The yak gores you. x2
Nessos wields a +1 longbow of flaming.
It bursts into flame!
Nessos shoots an arrow.
The arrow hits you!! The arrow burns you. The yak gores you.
The yak closely misses you. The yak gores you!
There is a stone staircase leading up, spattered with blood here.
15546 ||| STAIRDANCE Nessos shoots an arrow.
The arrow hits you! The arrow burns you.
Nessos shoots an arrow.
The arrow hits you!
Your body deteriorates!
You feel clumsy. The arrow burns you. The yak gores you!
You die...

. c . +#
.#..
###.##..#.
##.........
#........#
#.Y....#
#.@....#
#..YY....#
...#.......#
....
###..###.P
... ### . ..
#


You could see Nessos and 3 yaks.

Vanquished Creatures
  2 two-headed ogres
  Amaemon (Lair:2)
  7 elephants
  4 black mambas
  An orange demon (Lair:2)
  A torpor snail (Lair:2)
  2 kobold demonologists (D:10)
  2 rime drakes
  An unseen horror (D:10)
  4 cane toads
  Maggie (D:7)
  4 komodo dragons
  A troll (D:10)
  2 polar bears
  5 blink frogs (Lair:2)
  26 yaks
  3 wyverns
  A wraith (D:10)
  2 basilisks
  2 steam dragons
  Edmund (D:5)
  An acid dragon (D:8)
  8 water moccasins
  An orc warrior (D:9)
  A black bear (Lair:1)
  2 ice beasts
  An ogre (D:5)
  7 wolves
  3 centaurs
  2 kobold brigands (D:10)
  7 bullfrogs
  2 scorpions
  4 necrophages
  3 killer bees (D:5)
  5 electric eels
  2 howler monkeys (D:7)
  5 orc priests
  7 hounds
  A gnoll bouda (D:6)
  4 iguanas
  9 orc wizards
  9 adders
  7 gnolls (D:6)
  A shadow imp (D:7)
  A white imp (D:5)
  A worm (D:2)
  3 dart slugs
  33 orcs
  7 ball pythons
  5 bats
  9 endoplasms
  6 giant cockroaches
  5 goblins
  2 hobgoblins
  5 jackals
  A quokka (D:2)
  6 frilled lizards
  7 kobolds
  8 rats
264 creatures vanquished.

Vanquished Creatures (others)
  2 fungi (Lair:2)
  10 plants
12 creatures vanquished.

Grand Total: 276 creatures vanquished

Notes
Turn   | Place    | Note
-------+----------+-------------------------------------------
     0 | D:1      | qw the Tengu Warper began the quest for the Orb.
     0 | D:1      | Reached XP level 1. HP: 12/12 MP: 4/4
     0 | D:1      | 0 ||| qw: Version: 0.1-a-89-g26bdef1
     0 | D:1      | 0 ||| qw: Game counter: 685
     0 | D:1      | 0 ||| qw: Always use a shield: true
     0 | D:1      | 0 ||| qw: God list: Okawaru
     0 | D:1      | 0 ||| qw: Allow faded altars: false
     0 | D:1      | 0 ||| qw: Do Orc after D:15 true
     0 | D:1      | 0 ||| qw: Do second Lair branch before Depths: true
     0 | D:1      | 0 ||| qw: Lair rune preference: random
     0 | D:1      | 0 ||| qw: Plans: Normal
     0 | D:1      | 0 ||| PLANNING D:1-11
   175 | D:1      | Reached XP level 2. HP: 17/17 MP: 6/6
   183 | D:1      | Reached skill level 3 in Axes
   416 | D:1      | 416 ||| Stepping ~*~*~tactically~*~*~ (stealth).
   418 | D:1      | 418 ||| Stepping ~*~*~tactically~*~*~ (stealth).
   886 | D:1      | 886 ||| Stepping ~*~*~tactically~*~*~ (stealth).
   947 | D:1      | Reached XP level 3. HP: 21/21 MP: 7/7
   992 | D:1      | Found a faded altar of an unknown god.
  1228 | D:1      | 1228 ||| UPGRADING to +0 pair of gloves.
  1233 | D:1      | 1233 ||| READING scroll labelled RELUCVECKO.
  1234 | D:1      | 1234 ||| READING scroll labelled XAGIAREBROZA.
  1235 | D:1      | 1235 ||| READING 2 scrolls labelled YCRUDUNTAO.
  1238 | D:1      | 1238 ||| READING scroll labelled QASOFR BILIULO.
  1239 | D:1      | 1239 ||| READING scroll labelled EXODIL UFOTU.
  1240 | D:1      | 1240 ||| DRINKING 2 amethyst potions.
  1241 | D:1      | 1241 ||| DRINKING 2 blue potions.
  1242 | D:1      | 1242 ||| DROPPING scroll of blinking.
  1270 | D:2      | 1270 ||| STAIRDANCE
  1274 | D:1      | Reached skill level 4 in Axes
  1764 | D:2      | 1764 ||| Stepping ~*~*~tactically~*~*~ (stealth).
  1839 | D:2      | Reached XP level 4. HP: 26/26 MP: 8/8
  1994 | D:2      | 1994 ||| Stepping ~*~*~tactically~*~*~ (stealth).
  1995 | D:2      | 1995 ||| Stepping ~*~*~tactically~*~*~ (stealth).
  2050 | D:2      | Identified the +3 leather armour of Nixuru {rPois rC+}
  2134 | D:2      | 2134 ||| UPGRADING to +3 leather armour of Nixuru {rPois
                  | rC+}.
  2144 | D:2      | 2144 ||| DROPPING +0 leather armour.
  2145 | D:2      | 2145 ||| READING scroll labelled REWAN MIPRAOST.
  2288 | D:2      | 2288 ||| READING scroll labelled YLATHAT HANKYF.
  2438 | D:3      | Reached skill level 5 in Axes
  2689 | D:3      | 2689 ||| READING scroll of enchant armour.
  2689 | D:3      | 2689 ||| ENCHANTING +0 pair of gloves.
  2985 | D:3      | Found a snail-covered altar of Cheibriados.
  3025 | D:3      | Found a glowing silver altar of Zin.
  3072 | D:3      | 3072 ||| Stepping ~*~*~tactically~*~*~ (stealth).
  3075 | D:3      | 3075 ||| Stepping ~*~*~tactically~*~*~ (stealth).
  3076 | D:3      | 3076 ||| Stepping ~*~*~tactically~*~*~ (stealth).
  3090 | D:3      | 3090 ||| Stepping ~*~*~tactically~*~*~ (stealth).
  3092 | D:3      | 3092 ||| Stepping ~*~*~tactically~*~*~ (stealth).
  3093 | D:3      | 3093 ||| Stepping ~*~*~tactically~*~*~ (stealth).
  3095 | D:3      | 3095 ||| Stepping ~*~*~tactically~*~*~ (stealth).
  3097 | D:3      | 3097 ||| Stepping ~*~*~tactically~*~*~ (stealth).
  3099 | D:3      | 3099 ||| Stepping ~*~*~tactically~*~*~ (stealth).
  3101 | D:3      | 3101 ||| Stepping ~*~*~tactically~*~*~ (hiding).
  3114 | D:3      | Gained mutation: Your magical nature lets you fly swiftly
                  | and evasively. [Tengu growth]
  3114 | D:3      | Reached XP level 5. HP: 24/30 MP: 9/9
  3292 | D:3      | 3292 ||| DROPPING +0 scale mail.
  3293 | D:3      | 3293 ||| DROPPING +0 chain mail.
  3294 | D:3      | 3294 ||| UPGRADING to +0 plate armour.
  3304 | D:3      | 3304 ||| DROPPING +3 leather armour of Nixuru {rPois rC+}.
  3305 | D:3      | 3305 ||| UPGRADING to +6 ring of dexterity.
  3306 | D:3      | 3306 ||| READING 2 scrolls labelled BILARPH VOUHELU.
  3307 | D:3      | 3307 ||| READING scroll labelled LER NESMICH.
  3308 | D:3      | 3308 ||| READING scroll labelled YXY BYSINUU.
  3309 | D:3      | 3309 ||| READING scroll labelled SAHI NYDOPP.
  3310 | D:3      | 3310 ||| READING scroll labelled JAOLLI LOTU.
  3311 | D:3      | 3311 ||| DRINKING 2 bubbling blue potions.
  3312 | D:3      | 3312 ||| DROPPING potion of brilliance.
  3313 | D:3      | 3313 ||| DROPPING scroll of magic mapping.
  3356 | D:4      | 3356 ||| Stepping ~*~*~tactically~*~*~ (hiding).
  3505 | D:4      | 3505 ||| Stepping ~*~*~tactically~*~*~ (stealth).
  3509 | D:4      | 3509 ||| Stepping ~*~*~tactically~*~*~ (stealth).
  3772 | D:4      | Found a broken altar of Ashenzari.
  3925 | D:4      | 3925 ||| READING scroll labelled MEETEYTEOC.
  3926 | D:4      | 3926 ||| DRINKING 2 bubbling white potions.
  3964 | D:4      | 3964 ||| DRINKING 2 brown potions.
  3965 | D:4      | 3965 ||| DROPPING potion of lignification.
  3966 | D:4      | 3966 ||| DROPPING potion of flight.
  3983 | D:5      | Entered Level 5 of the Dungeon
  3996 | D:5      | Reached skill level 6 in Axes
  4055 | D:5      | Reached skill level 3 in Armour
  4055 | D:5      | Reached XP level 6. HP: 26/35 MP: 10/10
  4173 | D:5      | Reached skill level 7 in Axes
  4301 | D:5      | Found a basalt altar of Yredelemnul.
  4346 | D:5      | Reached XP level 7. HP: 40/40 MP: 11/11
  4412 | D:5      | Reached skill level 3 in Fighting
  4586 | D:5      | Noticed Edmund
  4586 | D:5      | You are sucked into a shaft and drop 3 floors!
  4732 | D:8      | 4732 ||| READING scroll labelled DAZXEL MAONENK.
  4733 | D:8      | 4733 ||| DRINKING 3 purple potions.
  4734 | D:8      | 4734 ||| DRINKING 3 fizzy emerald potions.
  4734 | D:8      | Gained mutation: Your body sometimes deteriorates upon
                  | taking damage. [potion of mutation]
  4734 | D:8      | Gained mutation: Your flesh is heat resistant. (rF+)
                  | [potion of mutation]
  4770 | D:6      | 4770 ||| Stepping ~*~*~tactically~*~*~ (hiding).
  4772 | D:6      | Noticed a steam dragon
  4788 | D:6      | Killed a steam dragon
  4789 | D:6      | Reached skill level 8 in Axes
  4839 | D:6      | 4839 ||| SWAPPING to +1 hand axe of electrocution.
  4840 | D:6      | 4840 ||| DROPPING +1 vorpal hand axe.
  4891 | D:6      | 4891 ||| UPGRADING to amulet of the acrobat.
  4896 | D:6      | 4896 ||| DRINKING 2 murky grey potions.
  4897 | D:6      | 4897 ||| DROPPING potion of invisibility.
  5040 | D:5      | Killed Edmund
  5041 | D:5      | Reached XP level 8. HP: 15/46 MP: 12/12
  5248 | D:5      | 5248 ||| DROPPING +0 whip.
  5375 | D:5      | 5375 ||| UPGRADING to +1 chain mail of poison resistance.
  5596 | D:6      | Found Rienyqy's Magic Scroll Shop.
  5754 | D:6      | 5754 ||| BUYING scroll of enchant armour (105 gold).
  5754 | D:6      | Bought a scroll of enchant armour for 105 gold pieces
  5754 | D:6      | 5754 ||| BUYING scroll of enchant weapon (105 gold).
  5754 | D:6      | Bought a scroll of enchant weapon for 105 gold pieces
  5754 | D:6      | 5754 ||| BUYING scroll of identify (28 gold).
  5754 | D:6      | Bought a scroll of identify for 28 gold pieces
  5754 | D:6      | 5754 ||| BUYING scroll of identify (28 gold).
  5754 | D:6      | Bought a scroll of identify for 28 gold pieces
  5754 | D:6      | 5754 ||| BUYING scroll of identify (28 gold).
  5754 | D:6      | Bought a scroll of identify for 28 gold pieces
  5754 | D:6      | 5754 ||| READING scroll of enchant armour.
  5754 | D:6      | 5754 ||| ENCHANTING +1 pair of gloves.
  5755 | D:6      | 5755 ||| READING scroll of enchant weapon.
  5755 | D:6      | 5755 ||| ENCHANTING +1 hand axe of electrocution.
  5802 | D:6      | Found a staircase to the Ecumenical Temple.
  5803 | D:6      | 5803 ||| PLANNING TEMPLE
  5803 | D:6      | 5803 ||| DRINKING 2 clear potions.
  5804 | D:6      | 5804 ||| DRINKING 2 lumpy cyan potions.
  5805 | D:6      | 5805 ||| READING 5 scrolls of identify.
  5805 | D:6      | 5805 ||| IDENTIFYING fuming dark potion
  5806 | D:6      | 5806 ||| READING 4 scrolls of identify.
  5806 | D:6      | 5806 ||| IDENTIFYING smoky blue potion
  5807 | D:6      | 5807 ||| DROPPING potion of attraction.
  5808 | D:6      | 5808 ||| DROPPING potion of degeneration.
  5817 | Temple   | Entered the Ecumenical Temple
  5875 | Temple   | Became a worshipper of Warmaster Okawaru
  6071 | Temple   | 6071 ||| PLANNING D:1-11
  6071 | Temple   | 6071 ||| DROPPING amulet of guardian spirit.
  6142 | D:6      | Reached skill level 9 in Axes
  6380 | D:6      | Reached skill level 3 in Dodging
  6678 | D:7      | Reached skill level 10 in Axes
  6680 | D:7      | 6680 ||| FLEEEEING.
  6681 | D:7      | 6681 ||| STAIRDANCE
  6889 | D:7      | Reached * piety under Okawaru
  6890 | D:7      | Noticed Maggie
  6905 | D:7      | 6905 ||| INVOKING Heroism.
  6907 | D:7      | Killed Maggie
  6908 | D:7      | Reached XP level 9. HP: 32/55 MP: 10/13
  6910 | D:7      | Reached skill level 1 in Invocations
  6918 | D:7      | 6918 ||| Stepping ~*~*~tactically~*~*~ (stealth).
  6920 | D:7      | 6920 ||| INVOKING Heroism.
  7041 | D:7      | 7041 ||| SWAPPING to +3 broad axe of flaming.
  7042 | D:7      | 7042 ||| DROPPING +2 hand axe of electrocution.
  7043 | D:7      | 7043 ||| DROPPING +4 flail of protection.
  7310 | D:7      | 7310 ||| Stepping ~*~*~tactically~*~*~ (hiding).
  7311 | D:7      | 7311 ||| Stepping ~*~*~tactically~*~*~ (hiding).
  7419 | D:7      | 7419 ||| Stepping ~*~*~tactically~*~*~ (stealth).
  7421 | D:7      | 7421 ||| Stepping ~*~*~tactically~*~*~ (hiding).
  7423 | D:7      | 7423 ||| Stepping ~*~*~tactically~*~*~ (hiding).
  7426 | D:7      | 7426 ||| DRINKING 6 potions of curing.
  7426 | D:7      | 7426 ||| (to cure confusion)
  7428 | D:7      | 7428 ||| DRINKING 5 potions of curing.
  7428 | D:7      | 7428 ||| (to cure confusion)
  7435 | D:7      | Reached skill level 3 in Invocations
  7745 | D:8      | 7745 ||| Stepping ~*~*~tactically~*~*~ (stealth).
  7748 | D:8      | 7748 ||| Stepping ~*~*~tactically~*~*~ (stealth).
  7800 | D:8      | 7800 ||| Stepping ~*~*~tactically~*~*~ (hiding).
  7801 | D:8      | 7801 ||| INVOKING Heroism.
  7804 | D:8      | Reached ** piety under Okawaru
  7875 | D:8      | 7875 ||| INVOKING Heroism.
  7880 | D:8      | Reached skill level 11 in Axes
  8151 | D:8      | 8151 ||| Stepping ~*~*~tactically~*~*~ (hiding).
  8152 | D:8      | 8152 ||| Stepping ~*~*~tactically~*~*~ (hiding).
  8153 | D:8      | 8153 ||| Stepping ~*~*~tactically~*~*~ (hiding).
  8471 | D:8      | 8471 ||| READING 6 scrolls of identify.
  8471 | D:8      | 8471 ||| IDENTIFYING bubbling purple potion
  8472 | D:8      | 8472 ||| READING 5 scrolls of identify.
  8472 | D:8      | 8472 ||| IDENTIFYING bubbling puce potion
  8490 | D:9      | 8490 ||| STAIRDANCE
  8520 | D:9      | 8520 ||| STAIRDANCE
  8762 | D:9      | 8762 ||| INVOKING Heroism.
  8765 | D:9      | 8765 ||| Stepping ~*~*~tactically~*~*~ (stealth).
  8766 | D:9      | 8766 ||| Stepping ~*~*~tactically~*~*~ (stealth).
  8769 | D:9      | Reached skill level 3 in Throwing
  8769 | D:9      | Reached XP level 10. HP: 60/60 MP: 11/14
  8789 | D:9      | 8789 ||| INVOKING Heroism.
  8792 | D:9      | Reached *** piety under Okawaru
  8793 | D:9      | Reached skill level 12 in Axes
  9014 | D:9      | 9014 ||| Stepping ~*~*~tactically~*~*~ (stealth).
  9018 | D:9      | Reached skill level 6 in Fighting
  9022 | D:9      | 9022 ||| INVOKING Heroism.
  9203 | D:9      | 9203 ||| INVOKING Heroism.
  9395 | D:9      | Noticed a two-headed ogre
  9396 | D:9      | 9396 ||| INVOKING Heroism.
  9402 | D:9      | Killed a two-headed ogre
  9402 | D:9      | Reached **** piety under Okawaru
  9403 | D:9      | Reached skill level 13 in Axes
  9930 | D:9      | 9930 ||| UPGRADING to +0 kite shield.
  9935 | D:9      | 9935 ||| DROPPING ring of wizardry.
  9936 | D:9      | 9936 ||| READING scroll labelled UCHUNA JETUSHRI.
  9976 | D:10     | Entered Level 10 of the Dungeon
 10001 | D:10     | Found an opulent altar of Gozag.
 10001 | D:10     | Found a bloodstained altar of Trog.
 10058 | D:10     | 10058 ||| INVOKING Heroism.
 10064 | D:10     | Reached skill level 1 in Shields
 10118 | D:10     | Found Iwkonine's Incredible Inventory.
 10123 | D:10     | 10123 ||| SHOPLISTING ring of ice (325 gold, have 261).
 10123 | D:10     | 10123 ||| BUYING scroll of identify (26 gold).
 10123 | D:10     | Bought a scroll of identify for 26 gold pieces
 10130 | D:10     | 10130 ||| INVOKING Heroism.
 10131 | D:10     | Noticed a two-headed ogre
 10141 | D:10     | Killed a two-headed ogre
 10141 | D:10     | Received a gift from Okawaru
 10142 | D:10     | HP: 8/60 [electric eel/bolt of electricity (11)]
 10143 | D:10     | 10143 ||| READING 2 scrolls of teleportation.
 10144 | D:10     | 10144 ||| DRINKING 3 potions of heal wounds.
 10146 | D:10     | 10146 ||| DRINKING 2 potions of heal wounds.
 10356 | D:10     | 10356 ||| Stepping ~*~*~tactically~*~*~ (stealth).
 10367 | D:10     | 10367 ||| INVOKING Heroism.
 10381 | D:10     | Reached skill level 3 in Shields
 10385 | D:10     | Reached XP level 11. HP: 54/64 MP: 15/15
 10410 | D:10     | 10410 ||| INVOKING Heroism.
 10411 | D:10     | Found a staircase to the Lair.
 10416 | D:10     | HP: 13/64 [electric eel/bolt of electricity (13)]
 10417 | D:10     | 10417 ||| READING scroll of teleportation.
 10418 | D:10     | 10418 ||| DRINKING potion of heal wounds.
 10742 | D:10     | 10742 ||| INVOKING Heroism.
 10919 | D:10     | 10919 ||| Stepping ~*~*~tactically~*~*~ (stealth).
 10927 | D:10     | 10927 ||| INVOKING Heroism.
 10943 | D:10     | 10943 ||| Stepping ~*~*~tactically~*~*~ (stealth).
 10948 | D:10     | Reached skill level 6 in Invocations
 11145 | D:10     | 11145 ||| Stepping ~*~*~tactically~*~*~ (stealth).
 11440 | D:10     | Found Irphuu's Gadget Gallery.
 11655 | D:10     | 11655 ||| PLANNING LAIR
 11655 | D:10     | 11655 ||| READING scroll labelled QEK LEAMOD.
 11756 | D:10     | 11756 ||| READING 7 scrolls of identify.
 11756 | D:10     | 11756 ||| IDENTIFYING pink potion
 11757 | D:10     | 11757 ||| DROPPING potion of ambrosia.
 11796 | Lair:1   | Entered Level 1 of the Lair of Beasts
 11797 | Lair:1   | 11797 ||| INVOKING Heroism.
 11883 | Lair:1   | 11883 ||| INVOKING Heroism.
 11893 | Lair:1   | Received a gift from Okawaru
 12085 | Lair:1   | 12085 ||| INVOKING Heroism.
 12105 | Lair:1   | Reached skill level 6 in Shields
 12158 | Lair:1   | 12158 ||| DRINKING potion of cancellation.
 12168 | Lair:1   | 12168 ||| INVOKING Heroism.
 12177 | Lair:1   | Reached ***** piety under Okawaru
 12276 | Lair:1   | 12276 ||| INVOKING Heroism.
 12437 | Lair:1   | 12437 ||| INVOKING Heroism.
 12456 | Lair:1   | 12456 ||| READING scroll of brand weapon.
 12456 | Lair:1   | 12456 ||| BRANDING +3 broad axe of flaming.
 12561 | Lair:1   | 12561 ||| INVOKING Heroism.
 12820 | Lair:2   | 12820 ||| INVOKING Heroism.
 12850 | Lair:2   | Noticed Amaemon
 12851 | Lair:2   | 12851 ||| INVOKING Heroism.
 12855 | Lair:2   | Received a gift from Okawaru
 12861 | Lair:2   | Killed Amaemon
 12948 | Lair:2   | 12948 ||| INVOKING Heroism.
 13063 | Lair:2   | 13063 ||| Stepping ~*~*~tactically~*~*~ (stealth).
 13064 | Lair:2   | 13064 ||| INVOKING Heroism.
 13072 | Lair:2   | Reached XP level 12. HP: 63/70 MP: 17/19
 13160 | Lair:2   | 13160 ||| INVOKING Heroism.
 13330 | Lair:2   | 13330 ||| Stepping ~*~*~tactically~*~*~ (stealth).
 13331 | Lair:2   | 13331 ||| INVOKING Heroism.
 13332 | Lair:2   | 13332 ||| Stepping ~*~*~tactically~*~*~ (stealth).
 13369 | Lair:2   | 13369 ||| Stepping ~*~*~tactically~*~*~ (stealth).
 13370 | Lair:2   | 13370 ||| Stepping ~*~*~tactically~*~*~ (stealth).
 13416 | Lair:2   | 13416 ||| INVOKING Heroism.
 13610 | Lair:2   | You are sucked into a shaft and drop 2 floors!
 13658 | Lair:4   | 13658 ||| INVOKING Heroism.
 13775 | Lair:4   | 13775 ||| INVOKING Heroism.
 13783 | Lair:4   | Reached skill level 9 in Invocations
 13846 | Lair:4   | 13846 ||| INVOKING Heroism.
 13847 | Lair:4   | HP: 14/70 [cane toad (13)]
 13848 | Lair:4   | 13848 ||| READING 2 scrolls of teleportation.
 13850 | Lair:4   | 13850 ||| DRINKING 7 potions of curing.
 13850 | Lair:4   | 13850 ||| (to cure poison)
 14237 | Lair:4   | 14237 ||| READING scroll of enchant weapon.
 14237 | Lair:4   | 14237 ||| ENCHANTING +3 broad axe of freezing.
 14248 | Lair:4   | 14248 ||| Stepping ~*~*~tactically~*~*~ (stealth).
 14254 | Lair:4   | Received a gift from Okawaru
 14260 | Lair:4   | 14260 ||| INVOKING Heroism.
 14315 | Lair:4   | 14315 ||| INVOKING Heroism.
 14474 | Lair:4   | 14474 ||| DRINKING 2 murky yellow potions.
 14579 | Lair:4   | 14579 ||| DROPPING potion of berserk rage.
 14630 | Lair:2   | 14630 ||| INVOKING Heroism.
 14763 | Lair:2   | 14763 ||| Stepping ~*~*~tactically~*~*~ (hiding).
 14784 | Lair:2   | Found a hole to the Spider Nest.
 14927 | Lair:2   | 14927 ||| Stepping ~*~*~tactically~*~*~ (stealth).
 14929 | Lair:2   | 14929 ||| Stepping ~*~*~tactically~*~*~ (stealth).
 14970 | Lair:2   | 14970 ||| FLEEEEING.
 14977 | Lair:2   | 14977 ||| FLEEEEING.
 14978 | Lair:2   | 14978 ||| FLEEEEING.
 14980 | Lair:2   | 14980 ||| INVOKING Heroism.
 15257 | Lair:3   | 15257 ||| STAIRDANCE
 15261 | Lair:2   | 15261 ||| INVOKING Heroism.
 15271 | Lair:2   | Reached skill level 14 in Axes
 15441 | Lair:3   | 15441 ||| STAIRDANCE
 15441 | Lair:3   | Noticed Nessos
 15443 | Lair:2   | 15443 ||| INVOKING Heroism.
 15546 | Lair:3   | 15546 ||| STAIRDANCE
 15546 | Lair:3   | HP: 5/71 [Nessos/arrow (17)]
 15546 | Lair:3   | Mangled by a yak

Levels and vault maps discovered:
D:1:      evilmike_arrival_fibonacci_small, layout_basic,
          basic_ecumenical_altar, moated_statue, minmay_pentomino_u4
D:2:      layout_loops_corners, serial_forest, infiniplex_forest_lined_corner,
          infiniplex_forest_clump_curved, infiniplex_forest_straight_4,
          infiniplex_forest_lined_4_way, kennysheep_generic_room_11
D:3:      layout_basic, mainiacjoe_overflow_two_lobes, nrook_uturn,
          corexii_hall_statues_deadend
D:4:      layout_rooms, marbit_many_paths, roderic_serpentine_path,
          kennysheep_flooded_box
D:5:      layout_cave_pools, mainiacjoe_overflow_boulevard, grunt_ministairs_3,
          uniq_edmund
D:6:      layout_loops_corners, minmay_temple_entry_drinking_statues,
          serial_shops, shop
D:7:      layout_rooms, uniq_maggie
D:8:      layout_basic
D:9:      layout_basic
D:10:     layout_cave_pods, gammafunk_temple_overflow_statue, erik_lair_island,
          nicolae_alphabet_shops, nicolae_shop_gadgets
Temple:   compressed_dpeg_triangle_lava_temple
Lair:1:   layout_cellular_growth
Lair:2:   layout_cellular_growth, spider_nest_entry_a, uniq_amaemon
Lair:3:   layout_regular_city, minmay_swamp_entry_eels, enter_volcano_4,
          portal_ice_cave_entry_pillars_1, nicolae_lair_grazing_beasts
          [nicolae_sub_lair_graze_edge, nicolae_sub_lair_graze_edge,
          nicolae_sub_lair_graze_edge, nicolae_sub_lair_graze_edge], uniq_nessos
Lair:4:   nzn_winding_woodlands_huge [nzn_winding_woodlands_5x15_lazy_stream,
          nzn_winding_woodlands_5x15_pathside_ponds,
          nzn_winding_woodlands_5x15_zeroes,
          nzn_winding_woodlands_5x15_concentric,
          nzn_winding_woodlands_5x15_pockets, nzn_winding_woodlands_5x15_cabin,
          nzn_winding_woodlands_5x15_jagged,
          nzn_winding_woodlands_5x15_split_checker,
          nzn_winding_woodlands_5x15_sawtooth, nzn_winding_woodlands_5x15_pool,
          nzn_winding_woodlands_center_garden,
          nzn_winding_woodlands_center_diamonds,
          nzn_winding_woodlands_15x15_thick_spiral], layout_cave_pods,
          serial_bayou_shore_b, serial_bayou_shore_b, uniq_urug

Skill      XL: |  1  2  3  4  5  6  7  8  9 10 11 12 |
---------------+-------------------------------------+-----
Axes           | 3 4 5 6 7 8 10 11 13 14 | 14.1
Armour         | 3 4 5 |  5.1
Fighting       | 3 5 6 |  6.7
Dodging        | 3 4 5 |  5.0
Invocations    | 4 5 8 10 | 10.0
Throwing       | 3 4 |  4.1
Shields        | 3 7 8 |  8.0
Spellcasting   | |  2.0
Translocations | |  2.4

Action                   |  1- 3 |  4- 6 |  7- 9 | 10-12 || total
-------------------------+-------+-------+-------+-------++-------
Melee: Hand axe          |    98 |    97 |   152 |       ||   347
       Kick              |    20 |    21 |    65 |   129 ||   235
       Peck              |    10 |    12 |    37 |    80 ||   139
       Punch             |     1 |       |     5 |     6 ||    12
       Broad axe         |       |       |    55 |   348 ||   403
Throw: Boomerang         |     7 |    19 |    42 |    11 ||    79
       Javelin           |       |       |    10 |    73 ||    83
Invok: Heroism           |       |       |     5 |    33 ||    38
  Use: Scroll            |     5 |     9 |     7 |     8 ||    29
       Potion            |     2 |     3 |     7 |     6 ||    18
Armor: Leather armour    |    23 |    33 |       |       ||    56
       Plate armour      |       |    21 |    32 |       ||    53
       Chain mail        |       |       |    63 |   100 ||   163
Dodge: Dodged            |    43 |    34 |    90 |   129 ||   296
Block: Kite shield       |       |       |       |   157 ||   157

Table legend:
 A = Non-vault XP
 B = Vault XP
 C = Vault XP percentage of total XP
 D = Non-vault monster count
 E = Vault monster count
 F = Vault count percentage of total count
                 A         B        C        D         E       F
            +---------+---------+-------+---------+---------+-------
      Total |   27139 |    2555 |   8.6 |     244 |      20 |   7.6
            +---------+---------+-------+---------+---------+-------
        D:1 |      39 |       6 |  13.3 |      24 |       3 |  11.1
        D:2 |      60 |       5 |   7.7 |      20 |       2 |   9.1
        D:3 |      83 |       0 |   0.0 |      14 |       0 |   0.0
        D:4 |      55 |       2 |   3.5 |      10 |       1 |   9.1
        D:5 |     611 |     228 |  27.2 |      11 |       3 |  21.4
        D:6 |     898 |       0 |   0.0 |      24 |       0 |   0.0
        D:7 |    1218 |     356 |  22.6 |      21 |       1 |   4.5
        D:8 |     903 |       0 |   0.0 |      17 |       0 |   0.0
        D:9 |    3334 |       0 |   0.0 |      20 |       0 |   0.0
       D:10 |    3337 |     746 |  18.3 |      22 |       8 |  26.7
     Lair:1 |    3807 |       0 |   0.0 |      14 |       0 |   0.0
     Lair:2 |    9025 |    1212 |  11.8 |      35 |       2 |   5.4
     Lair:3 |      93 |       0 |   0.0 |       1 |       0 |   0.0
     Lair:4 |    3676 |       0 |   0.0 |      11 |       0 |   0.0
            +---------+---------+-------+---------+---------+-------
